 Dungeon Crawl Stone Soup version 0.18-a0-875-ga513d27 (webtiles) character file.

4468 root the Carver (level 10, -7/135 HPs)
             Began as a Minotaur Berserker on Dec 21, 2015.
             Was a High Priest of Trog.
             Killed from afar by Harold (19 damage)
             ... with a bolt of fire
             ... on level 11 of the Dungeon.
             The game lasted 00:33:57 (6942 turns).

root the Carver (Minotaur Berserker)                Turns: 6942, Time: 00:33:58

Health: -7/135     AC: 11    Str: 27    XL:     10   Next: 15%
Magic:  9/9        EV: 12    Int:  4    God:    Trog [*****.]
Gold:   401        SH:  5    Dex: 13    Spells: 0 memorised, 9 levels left

rFire  . . .     SeeInvis .     a - +0 falchion
rCold  . . .     Gourm    .     f - +0 chain mail
rNeg   . . .     Faith    .     D - +0 buckler (curse)
rPois  .         Spirit   .     (helmet restricted)
rElec  .         Dismiss  .     (no cloak)
rCorr  .         Reflect  .     (no gloves)
SustAt .         Harm     .     (no boots)
MR     .....                    (no amulet)
Stlth  ..........               (no ring)
                                (no ring)

@: berserking (expiring), slowed, not resistant to hostile enchantments,
extremely unstealthy
A: retaliatory headbutt, horns 2
a: Berserk, Trog's Hand, Brothers in Arms, Burn Spellbooks, Renounce Religion


You were on level 11 of the Dungeon.
You worshipped Trog.
Trog was extremely pleased with you.
You were not hungry.

You visited 1 branch of the dungeon, and saw 9 of its levels.
You also visited: Sewer.

You collected 456 gold pieces.
You spent 55 gold pieces at shops.

Inventory:

Hand Weapons
 a - a +0 falchion (weapon)
Missiles
 j - 10 tomahawks (quivered)
 l - 50 poisoned needles
 w - 3 javelins
 E - 8 steel javelins
Armour
 f - a +0 chain mail (worn)
 y - a +0 buckler
 D - a cursed +0 buckler (worn)
 N - a cursed +0 scale mail
Wands
 C - a wand of disintegration (7/24)
Scrolls
 e - 4 scrolls of teleportation
 m - 4 scrolls of identify
 o - 3 scrolls of amnesia {unknown}
 p - 2 scrolls of enchant armour {unknown}
 q - 5 scrolls of fog {unknown}
 s - 2 scrolls of recharging {unknown}
 t - 2 scrolls of remove curse
 u - 3 scrolls of enchant weapon {unknown}
 F - a scroll of magic mapping {unknown}
 G - a scroll of fear {unknown}
 H - 2 scrolls of random uselessness {unknown}
 I - 2 scrolls of immolation {unknown}
 J - a scroll of noise {unknown}
 M - a scroll of blinking {unknown}
Potions
 b - a potion of resistance {unknown}
 d - a potion of beneficial mutation {unknown}
 g - a potion of curing
 h - 4 potions of heal wounds {unknown}
 i - a potion of haste {unknown}
 k - a potion of ambrosia {unknown}
 n - a potion of might {unknown}
 v - a potion of mutation {unknown}
 x - a potion of flight {unknown}
 A - a potion of poison {unknown}
 L - a potion of agility {unknown}
Comestibles
 c - 3 bread rations
 r - 6 fruits
 z - 2 slices of pizza
 B - a beef jerky
 K - a meat ration


   Skills:
 + Level 8.7 Fighting
 + Level 10.3 Long Blades
 + Level 10.0 Armour
 + Level 6.4 Dodging
 + Level 4.0 Shields
 + Level 0.8 Evocations


You had 9 spell levels left.
You didn't know any spells.

Dungeon Overview and Level Annotations

Branches:
Dungeon (8/15)             Temple (0/1) D:6            Lair (0/8) D:8

Altars:
Ashenzari
Dithmenos
Elyvilon
Fedhas
Okawaru
Pakellas
Qazlal
Ru
Trog
Vehumet
Zin
The Shining One

Shops:
D:4 ?

Annotations:
D:11 Harold


Innate Abilities, Weirdness & Mutations

You reflexively headbutt those who attack you in melee.
You have a pair of horns on your head.


Message History

Harold is lightly wounded.
Harold hits you with a vampiric trident.
* * * LOW HITPOINT WARNING * * *
Harold draws strength from your injuries!
A crocodile comes into view.
You hit Harold.
Harold is lightly wounded.
You hit Harold. You headbutt Harold!
Harold is moderately wounded.
Harold hits you but does no damage.
You slash Harold!
Harold is heavily wounded.
Harold gestures at you while chanting. The bolt of fire hits you!
* * * LOW HITPOINT WARNING * * *
You hit Harold. You headbutt Harold.
Harold is heavily wounded.
Harold casts a spell at you. The bolt of fire hits you!
You die...

# ##' #...
#...t####
#...l@@.####
#....##....#
+... ####..+
#.. ## #. #


You could see Harold, a crocodile and an iguana.

Vanquished Creatures
  The ghost of Alethiolet the Firebug, a novice DsWn of Vehumet (D:7)
  A queen bee (D:11)
  A troll (D:6)
  A wraith (D:11)
  A hippogriff (D:7)
  The ghost of crawlian the Firebug, an amateur DEFE (D:7)
  An orc warrior (D:11)
  A black bear (D:7)
  3 sky beasts
  A necrophage (D:7)
  2 centaurs (D:8)
  6 ogres
  3 big kobolds (Sewer)
  A giant frog (D:4)
  2 jellies (D:7)
  3 scorpions
  14 killer bees
  A crimson imp (D:7)
  A centaur skeleton (D:11)
  A hound (D:5)
  3 orc priests
  2 giant frog skeletons (D:7)
  7 orc wizards
  4 worker ants
  2 iguanas
  A statue (D:7)
  Robin (D:2)
  11 adders
  6 river rats
  A worker ant zombie (D:5)
  5 gnolls
  3 oozes
  An adder zombie (D:6)
  6 worms
  4 adder skeletons
  2 giant geckos
  20 orcs
  3 ball pythons
  6 bats
  7 giant cockroaches
  14 goblins
  9 hobgoblins
  8 jackals
  2 quokkas (D:7)
  A giant gecko skeleton (D:7)
  4 giant newts
  10 kobolds
  12 rats
201 creatures vanquished.

Vanquished Creatures (others)
  4 plants (D:11)
4 creatures vanquished.

Grand Total: 205 creatures vanquished

Notes
Turn   | Place    | Note
--------------------------------------------------------------
     0 | D:1      | root the Minotaur Berserker began the quest for the Orb.
     0 | D:1      | Reached XP level 1. HP: 19/19 MP: 0/0
    46 | D:1      | Reached skill level 4 in Long Blades
    46 | D:1      | Reached XP level 2. HP: 25/27 MP: 1/1
   594 | D:1      | You fall through a shaft!
   611 | D:2      | Reached XP level 3. HP: 33/33 MP: 2/2
   652 | D:2      | Reached ** piety under Trog
   693 | D:2      | Noticed Robin
   706 | D:2      | Killed Robin
   710 | D:2      | Reached XP level 4. HP: 29/40 MP: 3/3
  1305 | D:2      | Found a shadowy altar of Dithmenos.
  1406 | D:3      | Found a shattered altar of Ashenzari.
  1484 | D:3      | Reached skill level 5 in Long Blades
  1789 | D:3      | Found a white marble altar of Elyvilon.
  1798 | D:3      | Reached XP level 5. HP: 43/47 MP: 4/4
  1832 | D:3      | Reached *** piety under Trog
  2461 | D:4      | Reached XP level 6. HP: 9/55 MP: 5/5
  2833 | D:4      | Reached skill level 5 in Fighting
  2874 | D:4      | Found Idataigh's Magic Scroll Emporium.
  2877 | D:4      | Bought a scroll of remove curse for 33 gold pieces
  2877 | D:4      | Bought a scroll of identify for 22 gold pieces
  2899 | D:4      | Reached skill level 5 in Armour
  3101 | D:4      | Reached skill level 6 in Long Blades
  3101 | D:4      | Reached XP level 7. HP: 42/61 MP: 6/6
  3228 | D:4      | Reached **** piety under Trog
  3485 | D:4      | Found a stormy altar of Qazlal.
  3624 | D:5      | Entered Level 5 of the Dungeon
  3671 | D:5      | Found a sacrificial altar of Ru.
  4245 | D:5      | Found an oddly glowing altar of Pakellas.
  4249 | D:5      | Found a blossoming altar of Fedhas.
  4260 | D:5      | Reached skill level 7 in Long Blades
  4498 | D:5      | Found a shadowy altar of Dithmenos.
  4530 | D:6      | Found a glowing silver altar of Zin.
  4536 | D:6      | Found a staircase to the Ecumenical Temple.
  4547 | D:6      | Reached XP level 8. HP: 70/70 MP: 7/7
  4587 | D:6      | Found an oddly glowing altar of Pakellas.
  4602 | D:6      | Found a glowing golden altar of the Shining One.
  4603 | D:6      | Found an iron altar of Okawaru.
  4620 | D:6      | Noticed a troll
  4628 | D:6      | Killed a troll
  4628 | D:6      | Reached skill level 5 in Dodging
  4914 | D:6      | Reached skill level 1 in Shields
  4964 | D:6      | Found a glowing drain.
  4968 | Sewer    | Entered a sewer
  5020 | Sewer    | Received a gift from Trog
  5185 | Sewer    | Reached skill level 8 in Armour
  5554 | D:7      | Reached ***** piety under Trog
  5554 | D:7      | Reached XP level 9. HP: 49/78 MP: 8/8
  5895 | D:7      | Noticed a moth of wrath
  5898 | D:7      | Found a bloodstained altar of Trog.
  5986 | D:7      | Noticed Alethiolet's ghost (novice DsWn)
  6000 | D:7      | Killed Alethiolet's ghost
  6000 | D:7      | Reached skill level 9 in Long Blades
  6092 | D:7      | Noticed crawlian's ghost (amateur DEFE)
  6098 | D:7      | Killed crawlian's ghost
  6510 | D:7      | Found a radiant altar of Vehumet.
  6682 | D:8      | Found a staircase to the Lair.
  6683 | D:8      | Noticed a komodo dragon
  6685 | D:8      | You fall through a shaft for 3 floors!
  6700 | D:11     | Reached skill level 10 in Long Blades
  6740 | D:11     | Reached XP level 10. HP: 42/90 MP: 9/9
  6926 | D:11     | Reached skill level 10 in Armour
  6927 | D:11     | Noticed Harold
  6942 | D:11     | Killed from afar by Harold

Vault maps used:
D:1:      dpeg_arrival_boxes_within_box
D:2:      nicolae_dithmenos_through_a_glass_darkly, uniq_robin
D:3:      cheibrodos_ashenzari_chains, elyvilon_altar_5
D:4:      marbit_many_paths, serial_shops, kennysheep_mini_moat,
          minmay_misc_feat_tiny
D:5:      minmay_overflow_temple_star_quad, lemuel_doored_altar, first_bread
D:6:      gammafunk_temple_overflow_statue, overflow_temple_1_default,
          minmay_temple_entry_glass, gup_sewer_entry_spiral,
          grunt_pakellas_mercury
D:7:      tgw_trog, vehumet_statue
D:8:      minmay_distorted_concentric_squares, lemuel_crystal_altar,
          david_lair_shrubbed, serial_shops, shop
D:11:     david_orc_4, david_nohive_1, minmay_lizard_king, uniq_harold
Sewer:    sewer_co_15_rooms

Action                   |  1- 3 |  4- 6 |  7- 9 | 10-12 || total
-------------------------+-------+-------+-------+-------++-------
Melee: Falchion          |    75 |   162 |   460 |    67 ||   764
Invok: Berserk           |       |       |     3 |     1 ||     4
       Trog's Hand       |       |       |     1 |       ||     1
Evoke: Wand              |       |       |     3 |       ||     3
  Use: Potion            |       |     1 |     3 |     1 ||     5
       Scroll            |       |       |       |     1 ||     1
  Eat: Chunk             |       |     7 |    15 |     2 ||    24
